 Dungeon Crawl Stone Soup version 0.28-a0-861-ge64d6db94f (webtiles) character file.

Game seed: 2776627896786800115

25 mcbry74 the Cudgeller (level 2, -4/28 HPs)
             Began as a Troll Gladiator on Nov 15, 2021.
             Splashed by a jelly's acid (9 damage)
             ... on level 5 of the Dungeon.
             The game lasted 00:03:23 (380 turns).

mcbry74 the Cudgeller (Troll Gladiator)              Turns: 380, Time: 00:03:23

Health: -4/28      AC: -3    Str: 21    XL:     2   Next: 82%
Magic:  1/1        EV: 10    Int:  4    God:
Gold:   23         SH:  0    Dex: 11    Spells: 1/1 levels left

rFire   . . .      SeeInvis .   a - +0 flail
rCold   . . .      Faith    .   (no shield)
rNeg    . . .      Spirit   .   b - +0 robe
rPois   .          Reflect  .   c - +0 hat
rElec   .          Harm     .   n - +0 cloak
rCorr   .          Rampage  .   (gloves unavailable)
Will    .....                   (boots unavailable)
Stlth   +.........              (no amulet)
HPRegen 1.09/turn               p - +4 ring of slaying
MPRegen 0.07/turn               (no ring)

@: corroded
A: large, unfitting armour, claws 3, regeneration 1, shaggy fur 1, tough skin 1
a: no special abilities


You were on level 5 of the Dungeon.
You visited 1 branch of the dungeon, and saw 5 of its levels.

You collected 23 gold pieces.

Inventory:

Hand Weapons
 a - a +0 flail (weapon)
Missiles
 d - 3 throwing nets (quivered)
 j - 9 poisoned darts
Armour
 b - a +0 robe (worn)
 c - a +0 hat (worn)
 n - a +0 cloak (worn)
Jewellery
 p - a +4 ring of slaying (left claw)
Wands
 l - a wand of flame (17)
 q - a wand of polymorph (12)
Scrolls
 e - a scroll of immolation {unknown}
 g - a scroll of identify {unknown}
 h - a scroll of teleportation {unknown}
 i - a scroll of enchant armour {unknown}
Potions
 f - a potion of flight {unknown}
 k - a potion of curing {unknown}
 m - a potion of cancellation {unknown}
 o - a potion of might {unknown}


   Skills:
 + Level 2.2 Fighting
 + Level 3.2 Maces & Flails
 - Level 1.7 Throwing
 - Level 2.4 Dodging


You had one spell level left.
You didn't know any spells.
Your spell library was empty.

Dungeon Overview and Level Annotations

Branches:
Dungeon (5/15)
 Temple: D:4-7

Altars:


Innate Abilities, Weirdness & Mutations

You are too large for most types of armour.
You have claws for hands.
Your natural rate of healing is unusually fast.
You are covered in fur. (AC +1)
You have tough skin. (AC +1)


Message History

The helpless endoplasm fails to defend itself.
You sock the endoplasm!
You kill the endoplasm!
Found a cloak.
You see here a +0 cloak.
n - a +0 cloak You start putting on your armour.
You continue putting on your +0 cloak. x4
You finish putting on your +0 cloak.
You aren't carrying any pieces of jewellery.
Found a stone staircase leading up.
o - a fizzy cyan potion
There is a stone staircase leading up here.
Found an escape hatch in the ceiling.
Found a stone staircase leading down.
Found a stone staircase leading down.
There is a stone staircase leading down here.
You climb downwards.
You hear the hiss of flowing sand.
There is an entrance to an ossuary on this level.
Hurry and find it before the portal is buried!
Found 8 gold pieces and a copper ring.
There is a stone staircase leading up here.
Found 3 gold pieces.
You now have 23 gold pieces (gained 8).
Found a tapered copper wand.
p - a +4 ring of slaying
p - a +4 ring of slaying (left claw)
q - a wand of polymorph (12)
A jelly comes into view.
The jelly quivers.
A centaur comes into view.
The centaur shouts!
The centaur wields a +0 shortbow.
The centaur shoots an arrow.
The arrow hits you. The jelly hits you. The acid corrodes you!
You are splashed with acid!
The centaur shoots an arrow.
The arrow hits you!
* * * LOW HITPOINT WARNING * * *
The jelly hits you.
* * * LOW HITPOINT WARNING * * *
The acid corrodes you!
You are splashed with acid!
You die...

#.....# .... #.....#......
#.....#......
#.....+......
#............
######+#....#.#.#c..
#..........J........
#.........@.#.#.#...
#.......###.........
#.......#...#.#.#.##
#.......#...........
###+###.......#...........
..............#...#.......
..............###+#.......
................ .......
.......####+##... ####+##


You could see a centaur and a jelly.

Vanquished Creatures
  An adder (D:2)
  4 ball pythons
  2 endoplasms
  A hobgoblin (D:3)
  A kobold (D:1)
  2 quokkas
  A frilled lizard (D:2)
  3 rats
15 creatures vanquished.

Notes
Turn   | Place    | Note
-------+----------+-------------------------------------------
     0 | D:1      | mcbry74 the Troll Gladiator began the quest for the Orb.
     0 | D:1      | Reached XP level 1. HP: 19/19 MP: 0/0
   125 | D:2      | Reached skill level 3 in Maces & Flails
   172 | D:2      | Reached XP level 2. HP: 28/28 MP: 1/1
   352 | D:5      | Entered Level 5 of the Dungeon
   378 | D:5      | Noticed a centaur
   380 | D:5      | Splashed by a jelly's acid

Illustrated notes

Levels and vault maps discovered:
D:1:      onia_arrival_pyramid, layout_basic,
          shapermc_ecumenical_altar_notcrosses
D:2:      layout_rooms, uniq_robin
D:3:      layout_basic
D:4:      minmay_goblin_kobold_castle, layout_loops_ring,
          minmay_temple_entry_hall
D:5:      layout_gridville, serial_shops, shop, serial_glass, glass_columns_c,
          glass_columns_b, nicolae_ossuary_entry_giza

Skill      XL: |  1 |
---------------+----+-----
Maces & Flails | 3 |  3.2
Fighting       | 2 |  2.2
Throwing       | |  1.7
Dodging        | |  2.4

Action                   || total
-------------------------++-------
Melee: Flail             ||    39
 Stab: Sleeping          ||     1
Armor: Robe              ||    13
Dodge: Dodged            ||    16

Table legend: (Time is in decaauts)
 A = Elapsed time spent in this place.
 B = Non-inter-level travel time spent in this place.
 C = Inter-level travel time spent in this place.
 D = Time resting spent in this place.
 E = Time spent auto-exploring this place.
 F = Levels seen in this place.
 G = Mean time per level.
                   A        B        C        D        E       F      G
               +--------+--------+--------+--------+--------+-----+--------+
         Total |    388 |    388 |      0 |      0 |     96 |   5 |   77.6 |
       Dungeon |    388 |    388 |      0 |      0 |     96 |   5 |   77.6 |
               +--------+--------+--------+--------+--------+-----+--------+

Top non-repeatable levels by time:
     D:2: 137 daAuts
     D:1: 114 daAuts
     D:3: 61 daAuts
     D:4: 47 daAuts
     D:5: 27 daAuts
